 Dungeon Crawl Stone Soup version 0.30.1-9-gdf580d7c3d (webtiles) character file.

Game seed: 15009113679613081223

48736 Danienth the Grappler (level 14, -6/144 HPs)
             Began as a Troll Fighter on Oct 23, 2023.
             Was an Elder of Wu Jian.
             Mangled by a two-headed ogre
             ... wielding a +0 giant club
              (17 damage)
             ... on level 14 of the Dungeon.
             The game lasted 01:35:44 (16849 turns).

Danienth the Grappler (Troll Fighter)              Turns: 16849, Time: 01:35:45

Health: -6/144     AC:  7    Str: 37    XL:     14   Next: 13%
Magic:  13/13      EV: 10    Int:  3    God:    Wu Jian [****..]
Gold:   1124       SH: 10    Dex: 10    Spells: 10/13 levels left

rFire   . .          .
                       - Unarmed
rCold   . . .        b - +0 kite shield
rNeg    . . .        H - +0 troll leather armour
rPois   .            (helmet restricted)
rElec   .            R - +1 cloak
rCorr   .            (gloves unavailable)
SInv    .            (boots unavailable)
Will    ++...        P - amulet of regeneration
Stlth   +            d - +6 ring of strength
HPRegen 2.84/turn    r - +4 ring of slaying
MPRegen 0.13/turn

%: no passive effects
@: attractive, unable to read, unable to drink
A: large, unfitting armour, claws 3, regeneration 1, shaggy fur 1, tough skin 1,
deformed body, dopey 1, strong-willed 1, strong 1, inability to drink after
injury 1, inability to read after injury 1
a: Renounce Religion, Wall Jump, Serpent's Lash


You were on level 14 of the Dungeon.
You worshipped Wu Jian.
Wu Jian was greatly pleased with you.
You visited 2 branches of the dungeon, and saw 15 of its levels.
You also visited: Gauntlet.

You collected 1414 gold pieces.
You spent 290 gold pieces at shops.

Inventory:

Hand Weapons
 a - the +3 arbalest of Wrongful Imprisonment {drain, +Blink Will- Str+8 Int+5}
   (You took it off a minotaur in a Gauntlet)

   Str:       It affects your strength (+8).
   Int:       It affects your intelligence (+5).
   +Blink:    It lets you blink.
   Will:      It decreases your willpower.
 s - the +11 sling of Defence by Offence {elec, Will+ Dex+6}
   (You found it on level 2 of the Dungeon)

   Dex:       It affects your dexterity (+6).
   Will:      It increases your willpower.
 M - the +12 long sword of Contradiction {flame, Fly rPois Int+4}
   (You found it on level 8 of the Dungeon)

   Int:       It affects your intelligence (+4).
   rPois:     It protects you from poison.
   Fly:       It grants you flight.
Missiles
 f - 18 poisoned darts
 i - 13 silver javelins
 j - 3 boomerangs of dispersal
 O - 12 javelins
 S - 3 curare-tipped darts
 X - 6 atropa-tipped darts
Armour
 b - a +0 kite shield (worn)
 p - a +2 robe of resistance
 q - +3 steam dragon scales
 H - a +0 troll leather armour (worn)
 R - a +1 cloak (worn)
Magical Staves
 w - the staff of earth "Asiyhi" {+Blink rF+ Will+ rCorr Stlth+}
   (You took it off a minotaur in a Gauntlet)

   [staff of earth]

   Base accuracy: +5 Base damage: 5 Base attack delay: 1.2 This weapon's minimum
   attack delay (0.6) is reached at skill level 12.
   rF:        It protects you from fire.
   +Blink:    It lets you blink.
   rCorr:     It protects you from acid and corrosion.
   Will:      It increases your willpower.
   Stlth:     It makes you more stealthy.
   It falls into the 'Staves' category.
   It is a one-clawed weapon.
Jewellery
 d - a +6 ring of strength (left claw)
 r - a +4 ring of slaying (right claw)
 C - an amulet of faith
 E - a ring of wizardry
 G - an amulet of the acrobat
 L - an amulet of guardian spirit
 N - a ring of willpower
 P - an amulet of regeneration (around neck)
 W - a ring of see invisible
Wands
 k - a wand of flame (7)
 y - a wand of digging (12)
 z - a wand of roots (7) (quivered)
 B - a wand of polymorph (2)
 T - a wand of acid (3)
Scrolls
 g - 4 scrolls of fog
 v - 2 scrolls of poison
 x - 3 scrolls of teleportation
 A - 3 scrolls of fear
 D - a scroll of blinking
 F - a scroll of silence
 I - 3 scrolls of immolation
 J - a scroll of enchant weapon
 V - 3 scrolls of identify
 Y - a scroll of torment
Potions
 c - a potion of heal wounds
 e - 7 potions of attraction
 h - 5 potions of mutation
 l - 3 potions of invisibility
 m - 7 potions of curing
 n - 2 potions of flight
 o - 3 potions of resistance
 t - a potion of might
 u - a potion of ambrosia
 K - 2 potions of cancellation
 Q - 3 potions of brilliance
 U - 3 potions of lignification
Miscellaneous
 Z - a piece from Xom's chessboard (15/15)


   Skills:
 + Level 10.7 Fighting
 - Level 8.0 Long Blades
 - Level 4.0 Ranged Weapons
 + Level 5.5 Armour
 - Level 6.0 Dodging
 - Level 8.0 Shields
 - Level 14.4 Unarmed Combat


You had 10 spell levels left.
You knew the following spells:

 Your Spells              Type           Power      Damage    Failure   Level
a - Vampiric Draining     Necr           0%         2d6       97%         3

Your spell library contained the following spells:

 Spells                   Type           Power      Damage    Failure   Level
 Magic Dart               Conj           0%         1d3       71%         1
 Necrotise                Necr           0%         1d4       71%         1
 Call Imp                 Summ           0%         N/A       83%         2
 Cigotuvi's Dreadful Rot  Necr/Pois/Air  0%         N/A       83%         2
 Ensorcelled Hibernation  Hex/Ice        0%         N/A       83%         2
 Call Canine Familiar     Summ           0%         N/A       97%         3
 Dazzling Flash           Conj/Hex       0%         N/A       97%         3
 Ignite Poison            Fire/Tmut/Pois 0%         N/A       97%         3
 Mephitic Cloud           Conj/Pois/Air  0%         N/A       97%         3
 Portal Projectile        Hex/Tloc       0%         N/A       97%         3
 Spider Form              Tmut/Pois      0%         N/A       97%         3
 Stone Arrow              Conj/Erth      0%         3d7       97%         3
 Vhi's Electric Charge    Tloc/Air       0%         N/A       97%         3
 Volatile Blastmotes      Fire/Tloc      0%         2d10      97%         3
 Anguish                  Hex/Necr       0%         N/A       100%        4
 Animate Armour           Summ/Erth      0%         N/A       100%        4
 Cause Fear               Hex            0%         N/A       100%        4
 Dispel Undead            Necr           0%         3d6       100%        4
 Iskenderun's Mystic Bla  Conj/Tloc      0%         2d3       100%        4
 Leda's Liquefaction      Hex/Erth       0%         N/A       100%        4
 Summon Ice Beast         Ice/Summ       0%         N/A       100%        4
 Agony                    Necr           0%         N/A       100%        5
 Arcjolt                  Conj/Air       0%         1d10      100%        5
 Freezing Cloud           Conj/Ice/Air   0%         6-21      100%        5
 Summon Mana Viper        Hex/Summ       0%         N/A       100%        5
 Death Channel            Necr           0%         N/A       100%        6
 Starburst                Conj/Fire      0%         6d3       100%        6
 Enfeeble                 Hex            0%         N/A       100%        7
 Monstrous Menagerie      Summ           0%         N/A       100%        7
 Lehudib's Crystal Spear  Conj/Erth      0%         10d2      100%        8
 Maxwell's Capacitive Co  Air            0%         ∞         100%        8


Dungeon Overview and Level Annotations

Branches:
Dungeon (14/15)            Temple (1/1) D:6            Lair (0/5) D:10
    Orc (0/2) D:9          Vaults (0/5) D:13        Gauntlet (visited)

Altars:
Ashenzari
Cheibriados
Dithmenos
Elyvilon
Fedhas
Gozag
Hepliaklqana
Kikubaaqudgha
Makhleb
Nemelex Xobeh
Okawaru
Qazlal
Ru
Sif Muna
Trog
Uskayaw
Vehumet
Wu Jian
Xom
Yredelemnul
Zin
The Shining One

Shops:
D:6 ?   D:11 [

Annotations:
D:8 1 runed translucent door, turdburglar's ghost, novice TrFi
D:9 exclusion: oklob plant


Innate Abilities, Weirdness & Mutations

You are too large for most types of armour.
You have claws for hands.
Your natural rate of healing is unusually fast.
You are covered in fur. (AC +1)
You have tough skin. (AC +1)
Armour fits poorly on your strangely shaped body.
You are dopey. (Int -2)
You are strong-willed. (Will+)
Your muscles are strong. (Str +4, Int/Dex -1)
You occasionally lose the ability to drink potions when taking damage.
You occasionally lose the ability to read scrolls when taking damage.


Message History

The boggart is attracted toward you.
The boggart gestures wildly while chanting.
The boggart flickers and vanishes!
Something is attracted toward you.
You hear some strange, mumbled words.
The two-headed ogre seems to speed up.
The two-headed ogre is attracted toward you.
Something is attracted toward you.
The two-headed ogre hits you with a +0 giant club!
You block the two-headed ogre's attack. Something is attracted toward you.
Something is attracted toward you.
The two-headed ogre is attracted toward you.
Something is attracted toward you.
The two-headed ogre attacks as you move away!
The two-headed ogre hits you with a +0 giant club!
The two-headed ogre hits you with a +0 giant spiked club!
You hear some strange, mumbled words. x2
The two-headed ogre seems to speed up.
The vampire mosquito is attracted toward you.
Something is attracted toward you.
The vampire mosquito is attracted toward you.
Something is attracted toward you. x2
Unknown command.
The two-headed ogre attacks as you move away!
The two-headed ogre barely misses you. You block the two-headed ogre's attack.
The two-headed ogre is attracted toward you.
The vampire mosquito is attracted toward you.
Something is attracted toward you.
The vampire mosquito is attracted toward you.
Something is attracted toward you.
The two-headed ogre attacks as you move away!
The two-headed ogre hits you with a +0 giant club!!
You feel threatened and lose the ability to read scrolls!
You feel threatened and lose the ability to drink potions!
* * * LOW HITPOINT WARNING * * *
The two-headed ogre hits you with a +0 giant spiked club!
* * * LOW HITPOINT WARNING * * *
The two-headed ogre attacks as you move away!
The two-headed ogre hits you with a +0 giant club!
You die...

...........<......#
#################.#
#.# #.# #.#
####*****########.#
...,,..,,.........#
..#*..#**#######.{#
..#*#.# #@.#
..###.# #OO#
§..~..# #yO#
§≈.~~~# #{§#
§§~_≈.# #y.#
.§~.~≈##########y§#
.~~.~)....>.§[.§y.#
............§.§yy.#
..................#


You could see 3 two-headed ogres and 2 vampire mosquitoes.

Vanquished Creatures
  Rupert (D:12)
  A cacodemon (Gauntlet)
  A minotaur (Gauntlet)
  4 vault guards (D:13)
  3 hydras
  An ogre mage (D:10)
  The ghost of turdburglar the Skirmisher, a journeyman GnHu of Cheibriados (D:9)
  A rakshasa (D:12)
  A boulder beetle (D:13)
  5 centaur warriors
  6 two-headed ogres
  A tengu warrior (Gauntlet)
  Urug (D:12)
  A skeletal warrior (D:12)
  Lodul (D:11)
  4 slime creatures (D:12)
  An orc knight (D:13)
  A phantasmal warrior (D:10)
  Pikel (D:4)
  3 deep elf pyromancers
  An orc sorcerer (D:13)
  A wolf spider (D:12)
  6 cyclopes
  A manticore (D:14)
  4 ugly things
  A guardian serpent (D:10)
  An elephant (D:10)
  An ice statue (Gauntlet)
  Maurice (D:9)
  2 gargoyles
  3 unseen horrors
  2 minotaur zombies (Gauntlet)
  The ghost of PersonalAccount02 the Cutter, a novice DjCA of Ignis (D:6)
  4 kobold demonologists
  A yaktaur (D:13)
  2 rime drakes (Gauntlet)
  2 komodo dragons
  2 tengu conjurers
  6 trolls
  A polar bear (shapeshifter) (D:13)
  Grinder (D:5)
  A blink frog (shapeshifter) (D:10)
  3 shadows
  3 wyverns
  A wraith (D:14)
  20 yaks
  3 basilisks
  Grum (D:11)
  4 hogs (D:9)
  A human (D:9)
  3 neqoxecs (Gauntlet)
  6 vampire mosquitoes
  6 steam dragons
  Menkaure (D:5)
  2 water moccasins
  An acid dragon (D:9)
  A meliai simulacrum (D:12)
  6 orc warriors
  A sky beast (D:7)
  2 black bears
  4 boggarts (D:13)
  2 ice beasts (D:5)
  12 ogres
  2 wolves (D:11)
  11 centaurs
  A phantom (D:7)
  4 kobold brigands (D:9)
  2 lemures (D:4)
  4 bullfrogs
  3 gnoll sergeants
  2 scorpions (D:6)
  10 wights
  11 killer bees
  7 howler monkeys
  A jelly (D:4)
  2 gnoll boudas
  8 orc priests
  5 hounds
  3 sleepcaps
  An iguana (D:4)
  Terence (D:2)
  13 orc wizards
  A centaur simulacrum (D:9)
  15 gnolls
  5 adders
  A shadow imp (D:8)
  4 white imps
  An ufetubus (D:5)
  2 worms (D:4)
  The ghost of aloevera1 the Sneak, a weakling OpBr (D:3)
  4 dart slugs
  23 orcs
  10 ball pythons
  5 bats
  7 endoplasms
  4 giant cockroaches
  8 goblins
  8 hobgoblins
  5 quokkas
  2 frilled lizards
  9 kobolds
  11 rats
384 creatures vanquished.

Vanquished Creatures (others)
  A centaur warrior (D:13)
1 creature vanquished.

Grand Total: 385 creatures vanquished

Notes
Turn   | Place    | Note
-------+----------+-------------------------------------------
     0 | D:1      | Danienth the Troll Fighter began the quest for the Orb.
     0 | D:1      | Reached XP level 1. HP: 22/22 MP: 0/0
   104 | D:1      | Reached XP level 2. HP: 29/29 MP: 1/1
   329 | D:1      | Reached XP level 3. HP: 36/36 MP: 2/2
   410 | D:1      | Reached skill level 3 in Unarmed Combat
   774 | D:2      | Noticed Terence
   781 | D:2      | Killed Terence
   782 | D:2      | Reached XP level 4. HP: 31/44 MP: 3/3
   869 | D:2      | Identified the +11 sling of Defence by Offence {elec, Will+
                  | Dex+6}
  1362 | D:2      | Found a faded altar of an unknown god.
  1367 | D:2      | Prayed at the altar of an unknown god.
  1367 | D:2      | Became a worshipper of the Wu Jian Council
  1367 | D:2      | Reached * piety under Wu Jian
  1658 | D:3      | Found a runed translucent door.
  1660 | D:3      | Noticed aloevera1's ghost (weakling OpBr)
  1730 | D:3      | Reached XP level 5. HP: 53/53 MP: 4/4
  1732 | D:3      | Reached skill level 4 in Unarmed Combat
  1975 | D:3      | Killed aloevera1's ghost
  2134 | D:4      | Reached ** piety under Wu Jian
  2181 | D:4      | Noticed a lemure
  2181 | D:4      | Noticed a lemure
  2183 | D:4      | Noticed Pikel
  2183 | D:4      | Noticed a lemure
  2186 | D:4      | Killed a lemure
  2192 | D:4      | Killed a lemure
  2198 | D:4      | Noticed a lemure
  2201 | D:4      | Killed Pikel
  2202 | D:4      | Reached skill level 1 in Ranged Weapons
  2202 | D:4      | Reached skill level 5 in Unarmed Combat
  2202 | D:4      | Reached XP level 6. HP: 57/62 MP: 5/5
  2202 | D:4      | Reached XP level 7. HP: 62/68 MP: 6/6
  2236 | D:4      | Found a sacrificial altar of Ru.
  2681 | D:4      | Reached skill level 6 in Unarmed Combat
  2765 | D:5      | Entered Level 5 of the Dungeon
  2827 | D:5      | Reached XP level 8. HP: 53/79 MP: 7/7
  2915 | D:5      | Noticed Grinder
  2926 | D:5      | Reached skill level 5 in Shields
  2935 | D:5      | Killed Grinder
  2936 | D:5      | Reached skill level 7 in Unarmed Combat
  2940 | D:5      | Reached *** piety under Wu Jian
  3096 | D:5      | Noticed Menkaure
  3100 | D:5      | Killed Menkaure
  3494 | D:6      | Reached skill level 5 in Fighting
  3561 | D:6      | Reached XP level 9. HP: 88/88 MP: 8/8
  3596 | D:6      | Found a staircase to the Ecumenical Temple.
  3657 | D:6      | Reached skill level 8 in Unarmed Combat
  3746 | D:6      | Found a transporter.
  3820 | D:6      | Found a transporter.
  3822 | D:6      | Noticed PersonalAccount02's ghost (novice DjCA)
  3823 | D:6      | Noticed a two-headed ogre
  3955 | D:6      | Found Leoratz's Magic Scroll Boutique.
  3968 | D:6      | Bought a scroll of immolation for 40 gold pieces
  3968 | D:6      | Bought a scroll of identify for 20 gold pieces
  3968 | D:6      | Bought a scroll of enchant armour for 75 gold pieces
  3968 | D:6      | Bought a scroll of fear for 40 gold pieces
  3968 | D:6      | Bought a scroll of blinking for 75 gold pieces
  3968 | D:6      | Bought a scroll of immolation for 40 gold pieces
  4177 | D:6      | Killed a two-headed ogre
  4190 | D:6      | Killed PersonalAccount02's ghost
  4440 | Temple   | Entered the Ecumenical Temple
  4748 | D:7      | Reached skill level 9 in Unarmed Combat
  4906 | D:7      | Reached **** piety under Wu Jian
  4987 | D:7      | Gained mutation: You are strong-willed. (Will+) [potion of
                  | mutation]
  4987 | D:7      | Gained mutation: Your muscles are strong. (Str +4, Int/Dex
                  | -1) [potion of mutation]
  5292 | D:7      | Reached XP level 10. HP: 98/98 MP: 9/9
  5640 | D:8      | Identified the +12 long sword of Contradiction {flame, Fly
                  | rPois Int+4}
  5659 | D:8      | Reached skill level 10 in Unarmed Combat
  6569 | D:8      | Found a runed translucent door.
  6570 | D:8      | Noticed turdburglar's ghost (novice TrFi)
  6570 | D:8      | Noticed an orc knight
  6887 | D:9      | Reached ***** piety under Wu Jian
  6889 | D:9      | Found a staircase to the Orcish Mines.
  6904 | D:9      | Reached skill level 11 in Unarmed Combat
  6952 | D:9      | HP: 1/102 [yak (10)]
  7323 | D:9      | Noticed Maurice
  7330 | D:9      | Killed Maurice
  7638 | D:9      | Reached skill level 12 in Unarmed Combat
  7638 | D:9      | Reached XP level 11. HP: 101/109 MP: 10/10
  7790 | D:9      | Noticed a two-headed ogre
  7791 | D:9      | Noticed a two-headed ogre
  7794 | D:9      | Killed a two-headed ogre
  7798 | D:9      | Killed a two-headed ogre
  7799 | D:9      | Reached skill level 13 in Unarmed Combat
  7983 | D:9      | Noticed a deep elf pyromancer
  7985 | D:9      | Noticed an oklob plant
  8058 | D:9      | Noticed turdburglar's ghost (journeyman GnHu)
  8253 | D:9      | Found a transporter.
  8259 | D:9      | Found a transporter.
  8749 | D:9      | Killed turdburglar's ghost
  8752 | D:9      | Killed a deep elf pyromancer
  8770 | D:9      | Reached skill level 14 in Unarmed Combat
  8858 | D:10     | Entered Level 10 of the Dungeon
  8901 | D:10     | Noticed an ogre mage
  8908 | D:10     | Noticed a phantasmal warrior
  8912 | D:10     | Killed an ogre mage
  8921 | D:10     | Killed a phantasmal warrior
  8922 | D:10     | Reached XP level 12. HP: 90/123 MP: 11/11
  9175 | D:10     | Found a staircase to the Lair.
  9176 | D:10     | Noticed a two-headed ogre
  9188 | D:10     | Reached skill level 1 in Long Blades
  9197 | D:10     | Killed a two-headed ogre
  9198 | D:10     | Reached skill level 1 in Armour
  9304 | D:10     | You fall into a shaft and drop 2 floors!
  9319 | D:12     | Noticed Rupert
  9339 | D:12     | Killed Rupert
  9531 | D:12     | Reached ****** piety under Wu Jian
  9591 | D:12     | Noticed Urug
  9600 | D:12     | Killed Urug
  9941 | D:12     | Noticed a rakshasa
  9945 | D:12     | Killed a rakshasa
  9948 | D:12     | Noticed a centaur warrior
  9956 | D:12     | Killed a centaur warrior
 10004 | D:12     | Noticed a six-headed hydra
 10015 | D:12     | Killed a one-headed hydra
 10678 | D:12     | Noticed a six-headed hydra
 10709 | D:12     | Killed a two-headed hydra
 10988 | D:11     | Found a transporter.
 10990 | D:11     | Found Caif's Armour Shop.
 11041 | D:11     | Found a transporter.
 11087 | D:11     | Noticed a two-headed ogre
 11096 | D:11     | Killed a two-headed ogre
 11102 | D:11     | Noticed a two-headed ogre
 11113 | D:11     | Found a gate leading to a gauntlet.
 11120 | Gauntlet | Entered a Gauntlet
 11120 | Gauntlet | Noticed a tengu warrior
 11120 | Gauntlet | Found a transporter.
 11120 | Gauntlet | Found a transporter.
 11176 | Gauntlet | Learned a level 3 spell: Vampiric Draining
 11176 | Gauntlet | Found a transporter.
 11179 | Gauntlet | Found a transporter.
 11179 | Gauntlet | Found a transporter.
 11179 | Gauntlet | Found a transporter.
 11191 | Gauntlet | Found a transporter.
 11191 | Gauntlet | Found a transporter.
 11194 | Gauntlet | Found a transporter.
 11194 | Gauntlet | Found a transporter.
 11196 | Gauntlet | Found a large runed translucent door.
 11197 | Gauntlet | Found a large runed translucent door.
 11198 | Gauntlet | Found a large runed translucent door.
 11198 | Gauntlet | Found a large runed translucent door.
 11198 | Gauntlet | Found a runed translucent door.
 11198 | Gauntlet | Found a runed translucent door.
 11199 | Gauntlet | Found a large runed translucent door.
 11200 | Gauntlet | Found a large runed translucent door.
 11201 | Gauntlet | Found a large runed translucent door.
 11201 | Gauntlet | Found a large runed translucent door.
 11202 | Gauntlet | Found a runed translucent gate.
 11204 | Gauntlet | Found a runed translucent gate.
 11204 | Gauntlet | Found a transporter.
 11205 | Gauntlet | Found a runed translucent gate.
 11207 | Gauntlet | Found a transporter.
 11213 | Gauntlet | Found a large runed translucent door.
 11213 | Gauntlet | Found a large runed translucent door.
 11214 | Gauntlet | Found a large runed translucent door.
 11215 | Gauntlet | Found a large runed translucent door.
 11224 | Gauntlet | Found a large runed translucent door.
 11224 | Gauntlet | Found a large runed translucent door.
 11225 | Gauntlet | Found a large runed translucent door.
 11226 | Gauntlet | Found a large runed translucent door.
 11312 | Gauntlet | Noticed a cacodemon
 11431 | Gauntlet | Killed a tengu warrior
 11432 | Gauntlet | Reached XP level 13. HP: 108/132 MP: 12/12
 11439 | Gauntlet | Reached skill level 5 in Long Blades
 11559 | Gauntlet | Gained mutation: You occasionally lose the ability to read
                  | scrolls when taking damage. [a neqoxec]
 11559 | Gauntlet | Gained mutation: You occasionally lose the ability to drink
                  | potions when taking damage. [a cacodemon]
 11562 | Gauntlet | Gained mutation: You are dopey. (Int -2) [a cacodemon]
 11564 | Gauntlet | Killed a cacodemon
 11567 | Gauntlet | Gained mutation: Armour fits poorly on your strangely
                  | shaped body. [a neqoxec]
 11620 | Gauntlet | Identified the +3 arbalest of Wrongful Imprisonment {drain,
                  | +Blink Will- Str+8 Int+5}
 11620 | Gauntlet | Identified the staff of earth "Asiyhi" {+Blink rF+ Will+
                  | rCorr Stlth+}
 11620 | Gauntlet | Noticed a minotaur
 11646 | Gauntlet | Killed a minotaur
 11975 | D:11     | Noticed Grum
 11985 | D:11     | Killed Grum
 12584 | D:11     | Noticed Lodul
 12596 | D:11     | Reached skill level 10 in Fighting
 12604 | D:11     | Killed Lodul
 13200 | D:12     | Reached skill level 5 in Dodging
 14016 | D:10     | Found the +3 pair of seven-league boots {Rampage+∞}
 15104 | D:13     | HP: 5/135 [centaur warrior/arrow (26)]
 15600 | D:13     | Reached skill level 5 in Armour
 16202 | D:13     | Found a gate to the Vaults.
 16206 | D:13     | Reached XP level 14. HP: 92/144 MP: 13/13
 16802 | D:14     | Found a blossoming altar of Fedhas.
 16849 | D:14     | Mangled by a two-headed ogre

Illustrated notes

Levels and vault maps discovered:
D:1:      mrwooster_arrival_statue_3, layout_basic
D:2:      kennysheep_big_flooded_room, layout_basic,
          shapermc_ecumenical_altar_petra, minmay_misc_feat_tower, uniq_terence
D:3:      layout_rooms, ebering_ghost_sewer_d
D:4:      minmay_clustersquares, layout_basic, mainiacjoe_overflow_alcove_1,
          nicolae_kite_square_tiling_tiny, uniq_pikel
D:5:      layout_basic, uniq_grinder, uniq_menkaure
D:6:      layout_gridville, minmay_temple_entry_trees, serial_shops, shop,
          gammafunk_ghost_smash, minmay_misc_feat_x
D:7:      layout_basic
D:8:      minmay_thick_lines, layout_gridville, ebering_ghost_inner_flame
D:9:      minmay_slanted_spiral_squares, layout_stronghold, orc_0_dummy,
          nzn_ghost_randoct, grunt_livestock, david_defended_altar_orc,
          uniq_maurice
D:10:     layout_basic, david_lair_generic, minivault_14,
          hellmonk_guarded_unrand_seven_league_boots
D:11:     layout_cave_pods, gauntlet_entry_generic, serial_shops,
          nicolae_shop_drivethru, uniq_grum, uniq_lodul
D:12:     minmay_the_grid_four_pointed_star_mashed
          [minmay_the_grid_triangle_9x9_zippers_vertical,
          minmay_the_grid_triangle_9x9_longest,
          minmay_the_grid_triangle_9x9_shrine,
          minmay_the_grid_triangle_9x9_wacky_v,
          minmay_the_grid_prize_four_corners], layout_stronghold, uniq_urug,
          uniq_rupert
D:13:     layout_basic, grunt_vaults_entry_fortified, dk_noncrumbling_3,
          minmay_circle_x
D:14:     layout_long_grid, fedhas_altar_2
Temple:   mainiacjoe_temple_archimedes_tessellation

Skill      XL: |  1  2  3  4  5  6  7  8  9 10 11 12 13 14 |
---------------+-------------------------------------------+-----
Shields        | 3 4 5 6 7 8 |  8.0
Unarmed Combat | 3 5 6 7 9 12 14 | 14.4
Fighting       | 3 4 5 6 7 9 10 | 10.7
Ranged Weapons | 1 2 3 4 |  4.0
Long Blades    | 4 7 8 |  8.0
Armour         | 3 5 |  5.5
Dodging        | 4 5 6 |  6.0

Action                     |  1- 3 |  4- 6 |  7- 9 | 10-12 | 13-15 || total
---------------------------+-------+-------+-------+-------+-------++-------
  Melee: Unarmed           |    77 |    47 |   208 |   303 |   339 ||   974
         Long sword        |       |       |       |    66 |       ||    66
   Fire: Sling             |       |    31 |     4 |    31 |       ||    66
  Throw: Javelin           |       |       |       |    17 |    25 ||    42
         Dart              |       |       |       |    28 |     1 ||    29
         Throwing net      |       |       |       |     3 |       ||     3
 Invoke: Serpent's Lash    |       |       |       |     2 |     2 ||     4
         Heavenly Storm    |       |       |       |       |     1 ||     1
Ability: Lunge             |       |     7 |    16 |    15 |    27 ||    65
         Whirlwind         |       |       |       |     6 |    11 ||    17
  Evoke: Wand              |       |       |       |     5 |    13 ||    18
    Use: Scroll            |       |     7 |     3 |    22 |    13 ||    45
         Potion            |       |       |     2 |     9 |    11 ||    22
   Stab: Sleeping          |       |       |       |     1 |       ||     1
 Armour: Robe              |    21 |    11 |    33 |    94 |    39 ||   198
         Troll leather arm |       |       |       |       |    70 ||    70
  Dodge: Dodged            |    19 |     7 |    62 |    99 |   141 ||   328
  Block: Kite shield       |    19 |    13 |    77 |   163 |   187 ||   459
